 Dungeon Crawl Stone Soup version 0.25.1-2-g60ff931df9 (webtiles) character file.

Game seed: 3437569659524699824

4344 dracomuter the Exorcist (level 10, -5/96 HPs)
             Began as a Troll Wizard on Sept 21, 2020.
             Was an Elder of the Shining One.
             Slain by a gargoyle
             ... wielding a +0 morningstar
              (14 damage)
             ... on level 10 of the Dungeon.
             The game lasted 00:39:33 (11276 turns).

dracomuter the Exorcist (Troll Wizard)             Turns: 11276, Time: 00:39:34

Health: -5/96      AC: 15    Str: 17    XL:     10   Next: 12%
Magic:  15/15      EV:  9    Int: 17    God:    the Shining One [****..]
Gold:   480        SH:  0    Dex:  8    Spells: 11/17 levels left

rFire    . . .     SeeInvis .   (no weapon)
rCold    . . .     Gourm    +   (no shield)
rNeg     + + .     Faith    +   a - +0 robe
rPois    +         Spirit   .   b - +2 hat
rElec    .         Reflect  .   h - +2 cloak
rCorr    .         Harm     .   (gloves unavailable)
MR       .....                  (boots unavailable)
Stlth    +.........             O - amulet of faith
HPRegen  0.66/turn              x - ring of poison resistance
MPRegen  0.14/turn              A - +4 ring of protection

@: glowing
A: large, unfitting armour, claws 3, fast metabolism 3, gourmand, regeneration
1, shaggy fur 1, tough skin 3
a: Divine Shield, Cleansing Flame, Renounce Religion


You were on level 10 of the Dungeon.
You worshipped the Shining One.
The Shining One was greatly pleased with you.
You were completely stuffed.

You visited 1 branch of the dungeon, and saw 10 of its levels.

You collected 480 gold pieces.

Inventory:

Hand Weapons
 c - a cursed -2 dagger
 o - the +3 mace "Bakoze" {freeze, MR++}
   (You found it on level 4 of the Dungeon)

   It has been specially enchanted to freeze those struck by it, causing extra
   injury to most foes and up to half again as much damage against particularly
   susceptible opponents.
   It can also slow down cold-blooded creatures.
   It affects your resistance to hostile enchantments.
 u - the +9 falchion of Usoikuko {freeze, rPois rF+++ MP+9 Str-5, unknown}
   (You found it on level 8 of the Dungeon)

   It has been specially enchanted to freeze those struck by it, causing extra
   injury to most foes and up to half again as much damage against particularly
   susceptible opponents.
   It can also slow down cold-blooded creatures.
   It affects your strength (-5).
   It renders you almost immune to fire.
   It protects you from poison.
   It affects your magic capacity (+9).
 S - a +0 whip of venom
Missiles
 l - 52 poisoned darts (quivered)
 w - 2 throwing nets
 F - 7 javelins
Armour
 a - a +0 robe (worn)
 b - a +2 hat (worn)
 h - a +2 cloak (worn)
Jewellery
 g - an uncursed ring of wizardry
 m - an uncursed ring of magical power
 r - an uncursed ring of flight
 v - an uncursed ring of protection from magic
 x - a ring of poison resistance (left claw)
 A - a +4 ring of protection (right claw)
 D - an uncursed ring of fire
 I - an uncursed ring of protection from cold
 O - an amulet of faith (around neck)
Wands
 t - a wand of enslavement (10)
 C - a wand of digging (7)
 L - a wand of polymorph (8)
 N - a wand of flame (19)
Scrolls
 e - 3 scrolls of immolation
 j - a scroll of enchant armour
 k - 3 scrolls of teleportation
 p - 4 scrolls of remove curse
 q - a scroll of magic mapping
 y - a scroll of fog
 B - a scroll of enchant weapon {unknown}
 G - a scroll of summoning {unknown}
 K - a scroll of fear {unknown}
Potions
 f - a potion of resistance
 i - 2 potions of stabbing
 n - 2 potions of brilliance
 s - a potion of invisibility
 z - a potion of curing
 E - a potion of lignification {unknown}
 H - a potion of might {unknown}
 J - a potion of cancellation {unknown}
 M - a potion of mutation {unknown}
 P - a potion of flight {unknown}
 Q - a potion of degeneration {unknown}
Comestibles
 d - 12 rations
 R - 10 chunks of flesh


   Skills:
 + Level 5.3 Fighting
 - Level 1.5 Dodging
 - Level 1.0 Stealth
 - Level 4.0 Spellcasting
 - Level 4.0 Conjurations
   Level 0.6 Summonings
 - Level 3.0 Translocations
 - Level 3.0 Air Magic
 - Level 3.0 Poison Magic
 + Level 7.0 Invocations


You had 11 spell levels left.
You knew the following spells:

 Your Spells              Type           Power        Failure   Level  Hunger
a - Magic Dart            Conj           ###.         3%          1    None
b - Blink                 Tloc           N/A          7%          2    ##.....
c - Mephitic Cloud        Conj/Pois/Air  ##......     12%         3    ###....

Your spell library contained the following spells:

 Spells                   Type           Power        Failure   Level  Hunger
 Beastly Appendage        Tmut           #.....       16%         1    None
 Sandblast                Erth           #.....       16%         1    None
 Call Imp                 Summ           #.......     19%         2    ##.....
 Conjure Flame            Conj/Fire      ##......     21%         3    ###....
 Stone Arrow              Conj/Erth      ##....       21%         3    ###....
 Passwall                 Tmut/Erth      #.......     24%         2    ##.....
 Slow                     Hex            #.......     24%         2    ##.....
 Sticks to Snakes         Tmut           #.......     24%         2    ##.....
 Spider Form              Tmut/Pois      #.........   26%         3    ###....
 Ice Form                 Ice/Tmut       #.......     83%         4    ####...
 Petrify                  Tmut/Erth      #.......     83%         4    ####...
 Blade Hands              Tmut           #.........   99%         5    ######.
 Lee's Rapid Deconstruct  Erth           #.........   99%         5    ######.


Dungeon Overview and Level Annotations

Branches:
Dungeon (10/15)            Temple (0/1) D:6
   Lair: D:8-11         Orc: D:9-12

Altars:
Cheibriados
Elyvilon
Fedhas
Gozag
Hepliaklqana
Nemelex Xobeh
Okawaru
Qazlal
Ru
Uskayaw
Xom
Yredelemnul
Zin
The Shining One


Innate Abilities, Weirdness & Mutations

You are too large for most types of armour.
You have claws for hands.
Your metabolism is lightning-fast.
You like to eat raw meat.
Your natural rate of healing is unusually fast.
You are covered in fur. (AC +1)
You have extremely tough skin. (AC +3)


Message History

The gargoyle is heavily damaged.
The gargoyle hurls a stone arrow at you.
You block the stone arrow.
You scratch the gargoyle but do no damage.
The gargoyle is heavily damaged.
The gargoyle hurls a stone arrow at you.
The stone arrow misses you.
You scratch the gargoyle.
The gargoyle is almost destroyed.
You block the gargoyle's attack.
You completely miss the gargoyle.
The gargoyle is almost destroyed.
Your divine shield fades away.
The gargoyle hits you but does no damage.
You scratch the gargoyle but do no damage.
The gargoyle is almost destroyed.
You scratch the gargoyle but do no damage.
The gargoyle is almost destroyed.
The gargoyle hits you with a +0 morningstar!
You die...

#### ...#
################ ##.#
#........@9?...#
##.#####.##.##..#####.#
.........#)..#..#
##.###.((......... ##.#
##..#...#..##. ...#
##.##.##..). .. ####
#.......###. . #
######### #


You could see a gargoyle.

Vanquished Creatures
  A hornet (D:7)
  A hippogriff (D:7)
  A spriggan (D:8)
  Grum (D:8)
  A hornet zombie (D:8)
  3 ice beasts
  4 orc warriors
  A necrophage (D:6)
  3 ogres
  3 wolves
  5 centaurs
  A big kobold (D:9)
  A bullfrog (D:10)
  3 scorpions
  13 wights
  A howler monkey (D:9)
  A crimson imp (D:7)
  2 quasits
  3 bullfrog zombies
  A centaur zombie (D:5)
  A jelly (D:6)
  6 orc wizards
  2 hounds
  2 centaur skeletons
  7 orc priests
  Ijyb (D:3)
  2 iguanas
  2 worker ants
  2 hound skeletons
  Robin (D:2)
  2 worker ant zombies
  7 adders
  A shadow imp (D:7)
  2 oozes
  3 adder skeletons
  A worm (D:5)
  A dart slug (D:1)
  2 leopard geckos
  27 orcs
  A ball python (D:3)
  5 bats
  5 giant cockroaches
  15 goblins
  11 hobgoblins
  15 jackals
  8 quokkas
  A frilled lizard (D:1)
  A jackal skeleton (D:4)
  9 kobolds
  A leopard gecko skeleton (D:8)
  A quokka skeleton (D:8)
  7 rats
202 creatures vanquished.

Vanquished Creatures (collateral kills)
  A worker ant (D:8)
1 creature vanquished.

Grand Total: 203 creatures vanquished

Notes
Turn   | Place    | Note
-------+----------+-------------------------------------------
     0 | D:1      | dracomuter the Troll Wizard began the quest for the Orb.
     0 | D:1      | Reached XP level 1. HP: 16/16 MP: 2/2
   312 | D:1      | Reached skill level 1 in Conjurations
   543 | D:1      | Reached XP level 2. HP: 24/24 MP: 4/4
  1051 | D:2      | Reached XP level 3. HP: 31/31 MP: 5/5
  1514 | D:2      | Noticed Robin
  1534 | D:2      | Killed Robin
  1600 | D:2      | Reached XP level 4. HP: 39/39 MP: 6/6
  2301 | D:3      | Found a shimmering altar of Xom.
  2395 | D:3      | Reached XP level 5. HP: 44/45 MP: 6/8
  2401 | D:3      | Learned a level 2 spell: Blink
  2405 | D:3      | Learned a level 3 spell: Mephitic Cloud
  2408 | D:3      | Learned a level 2 spell: Call Imp
  2782 | D:3      | Found a glowing golden altar of the Shining One.
  2908 | D:3      | Found a basalt altar of Yredelemnul.
  3468 | D:4      | Found a snail-covered altar of Cheibriados.
  3473 | D:4      | Noticed Ijyb
  3475 | D:4      | Paralysed by Ijyb for 7 turns
  3487 | D:3      | Paralysed by Ijyb for 4 turns
  3506 | D:3      | Paralysed by Ijyb for 5 turns
  3518 | D:3      | Paralysed by Ijyb for 3 turns
  3543 | D:3      | Killed Ijyb
  3766 | D:4      | Reached skill level 1 in Translocations
  3886 | D:4      | Found a hide-covered altar of Uskayaw.
  3961 | D:3      | Noticed an angel
  3966 | D:3      | Became a worshipper of the Shining One
  4040 | D:4      | Got a scorched mace
  4078 | D:4      | Reached XP level 6. HP: 9/54 MP: 5/9
  4161 | D:4      | Identified the +3 mace "Bakoze" {freeze, MR++} (You found
                  | it on level 4 of the Dungeon)
  4573 | D:5      | Entered Level 5 of the Dungeon
  5040 | D:4      | Reached skill level 1 in Fighting
  5040 | D:4      | Reached skill level 1 in Invocations
  5313 | D:4      | Reached skill level 1 in Poison Magic
  5380 | D:5      | Reached XP level 7. HP: 21/62 MP: 10/10
  5471 | D:5      | Reached skill level 1 in Air Magic
  5586 | D:5      | Found a blossoming altar of Fedhas.
  5709 | D:5      | Found an iron altar of Okawaru.
  5709 | D:5      | Found a hazy altar of Hepliaklqana.
  5765 | D:6      | Reached * piety under the Shining One
  5939 | D:6      | Reached skill level 2 in Invocations
  6134 | D:6      | Found a staircase to the Ecumenical Temple.
  6700 | D:7      | Reached XP level 8. HP: 71/72 MP: 11/11
  6728 | D:6      | Reached skill level 3 in Invocations
  7129 | D:7      | Noticed a hippogriff
  7167 | D:7      | Killed a hippogriff
  7172 | D:7      | Reached ** piety under the Shining One
  7373 | D:7      | Noticed a hornet
  7422 | D:7      | Killed a hornet
  7422 | D:7      | Reached skill level 4 in Invocations
  8329 | D:8      | Noticed Grum
  8440 | D:6      | Reached XP level 9. HP: 38/76 MP: 9/13
  8588 | D:8      | Found a stormy altar of Qazlal.
  8604 | D:8      | Found a sacrificial altar of Ru.
  8661 | D:8      | Found a white marble altar of Elyvilon.
  8738 | D:8      | Killed Grum
  8757 | D:8      | Reached skill level 5 in Invocations
  9181 | D:8      | Got a scorched falchion
  9519 | D:9      | Found an opulent altar of Gozag.
  9520 | D:9      | Found a glowing silver altar of Zin.
  9628 | D:9      | Reached *** piety under the Shining One
  9675 | D:9      | Reached skill level 6 in Invocations
 10524 | D:10     | Entered Level 10 of the Dungeon
 10538 | D:10     | Noticed a two-headed ogre
 10623 | D:10     | Reached **** piety under the Shining One
 10650 | D:10     | Reached XP level 10. HP: 59/94 MP: 13/15
 10710 | D:10     | Reached skill level 5 in Fighting
 10770 | D:10     | Found a sparkling altar of Nemelex Xobeh.
 11052 | D:10     | Reached skill level 7 in Invocations
 11228 | D:10     | Noticed a gargoyle
 11262 | D:10     | HP: 2/96 [gargoyle/+0 morningstar (12)]
 11269 | D:10     | The Shining One protects you from harm!
 11276 | D:10     | Slain by a gargoyle

Illustrated notes

Levels and vault maps discovered:
D:1:      onia_arrival_pentagram, layout_basic, hangedman_decor_riveting
D:2:      layout_basic, uniq_robin
D:3:      layout_loops_corners, grunt_temple_overflow_holy_war,
          overflow_temple_1_default
D:4:      layout_cave_pools, overflow_temple_1_default, kennysheep_mini,
          uniq_ijyb
D:5:      layout_cave_pools, amethyst_overflow_temple_binary, first_ration,
          fedhas_altar_1
D:6:      layout_rooms, minmay_temple_entry_from_below_a
D:7:      layout_gridville
D:8:      layout_cave_pools, nicolae_qazlal_style_of_elements,
          lemuel_round_altar, nicolae_overflow_crystal_walls, the_bakery,
          uniq_grum
D:9:      layout_basic, grunt_temple_overflow_gold_and_silver
D:10:     layout_loops_cross, basic_altar

Skill      XL: |  1  2  3  4  5  6  7  8  9 10 |
---------------+-------------------------------+-----
Conjurations   | 1 2 3 4 |  4.0
Translocations | 1 2 3 |  3.0
Fighting       | 1 2 4 5 |  5.3
Invocations    | 1 2 4 6 7 |  7.0
Poison Magic   | 1 2 3 |  3.0
Spellcasting   | 3 4 |  4.0
Air Magic      | 1 2 3 |  3.0
Dodging        | |  1.5
Stealth        | |  1.0
Summonings     | |  0.6

Action                   |  1- 3 |  4- 6 |  7- 9 | 10-12 || total
-------------------------+-------+-------+-------+-------++-------
Melee: Unarmed           |    69 |   133 |   628 |    99 ||   929
Throw: Dart              |       |       |    11 |       ||    11
 Cast: Magic Dart        |    58 |   217 |    87 |     5 ||   367
       Mephitic Cloud    |       |       |    34 |     2 ||    36
       Blink             |       |       |     1 |       ||     1
Invok: Divine Shield     |       |       |       |     1 ||     1
Evoke: Wand              |       |       |    16 |       ||    16
  Use: Scroll            |       |    12 |     7 |       ||    19
       Potion            |       |       |     4 |       ||     4
 Stab: Sleeping          |     1 |     1 |       |       ||     2
  Eat: Chunk             |    21 |    33 |    42 |    15 ||   111
       Ration            |       |       |     2 |       ||     2
Armor: Robe              |    33 |   143 |   327 |    31 ||   534
Dodge: Dodged            |    33 |   113 |   358 |    34 ||   538
Block: Other             |       |       |       |    14 ||    14
